 Dungeon Crawl Stone Soup version 0.29-a0-194-g6e3aafee17 (webtiles) character file.

Game seed: 14499812129159378077

236 jlumianski the Firebug (level 5, 0/36 HPs)
             Began as a Demonspawn Fire Elementalist on Feb 22, 2022.
             Slain by a bullfrog (1 damage)
             ... in a sewer.
             The game lasted 00:16:48 (3280 turns).

jlumianski the Firebug (DsFE)                       Turns: 3280, Time: 00:16:49

Health: 0/36       AC:  6    Str:  9 (10) XL:     5   Next: 77%
Magic:  4/9        EV:  8    Int: 14 (16) God:
Gold:   89         SH:  0    Dex: 12 (14) Spells: 7/10 levels left

rFire   . . .      SeeInvis .   n - +2 dagger (speed)
rCold   . . .      Faith    .   (no shield)
rNeg    . . .      Spirit   .   h - +0 leather armour
rPois   .          Reflect  .   (no helmet)
rElec   .          Harm     .   (no cloak)
rCorr   .          Rampage  .   o - +0 pair of gloves
Will    .....                   (no boots)
Stlth   ++........              (no amulet)
HPRegen 0.12/turn               (no ring)
MPRegen 0.11/turn               (no ring)

@: constricted
A: thin metallic scales 1, demonic touch 1
a: no special abilities


You were in a sewer.
You visited 1 branch of the dungeon, and saw 3 of its levels.
You also visited: Sewer.

You collected 89 gold pieces.

Inventory:

Hand Weapons
 c - a +0 dagger
 e - a +0 falchion
 n - a +2 dagger of speed (weapon)
Missiles
 b - 126 stones
Armour
 a - a +0 robe
 h - a +0 leather armour (worn)
 o - a +0 pair of gloves (worn)
Scrolls
 d - a scroll of brand weapon {unknown}
 g - 2 scrolls of blinking {unknown}
 k - a scroll of summoning {unknown}
 l - 2 scrolls of teleportation {unknown}
 m - a scroll of amnesia {unknown}
 p - 3 scrolls of enchant weapon {unknown}
 q - a scroll of identify {unknown}
 t - a scroll of enchant armour {unknown}
Potions
 f - a potion of attraction
 j - a potion of might {unknown}
 r - a potion of brilliance {unknown}
 s - a potion of magic {unknown}


   Skills:
 + Level 0.6 Fighting
 + Level 0.6(0.7) Short Blades
 + Level 0.3(0.5) Long Blades
 + Level 1.2 Armour
 + Level 2.4 Dodging
 + Level 2.0 Stealth
 + Level 3.3 Spellcasting
 + Level 1.9 Conjurations
 + Level 4.0 Fire Magic


You had 7 spell levels left.
You knew the following spells:

 Your Spells              Type           Power      Damage    Failure   Level
a - Foxfire               Conj/Fire      40%        2x1d6     9%          1
b - Scorch                Fire           26%        2d6       9%          2

Your spell library contained the following spells:

 Spells                   Type           Power      Damage    Failure   Level
 Conjure Flame            Conj/Fire      10%        6-21      26%         3
 Inner Flame              Hex/Fire       7%         N/A       36%         3
 Ignite Poison            Fire/Tmut/Pois 6%         N/A       45%         3
 Mephitic Cloud           Conj/Pois/Air  4%         N/A       54%         3
 Flame Wave               Conj/Fire      10%        2d5       63%         4
 Freezing Cloud           Conj/Ice/Air   2%         6-21      99%         5


Dungeon Overview and Level Annotations

Branches:
Dungeon (3/15)              Sewer (1/1)

Altars:


Innate Abilities, Weirdness & Mutations

You are partially covered in thin metallic scales. (AC +2)
Your touch may inflict minor irresistible damage on your foes.


Message History

The bullfrog is engulfed in a cloud of scalding steam.
The bullfrog barely misses you.
The foxfire hits the ball python.
The ball python is severely wounded.
You hit the bullfrog. Your touch misses the bullfrog.
The bullfrog is heavily wounded.
The foxfire hits the bullfrog.
The bullfrog is burned terribly!
The bullfrog is severely wounded.
The bullfrog hits you.
Okay, then.
Unknown command.
Casting: Foxfire (safe; 7% risk of failure)
Confirm with . or Enter, or press ? or * to list all spells.
You conjure some foxfire!
The bullfrog hits you.
The ball python is engulfed in a cloud of scalding steam.
You kill the ball python!
The bullfrog hits you!
* * * LOW HITPOINT WARNING * * *
The bullfrog misses you.
You closely miss the bullfrog.
The bullfrog is severely wounded.
The foxfire hits the bullfrog.
The bullfrog is burned terribly!
The bullfrog is almost dead.
The foxfire hits the bullfrog.
The bullfrog is burned terribly!
The bullfrog is almost dead.
The bullfrog hits you!
* * * LOW HITPOINT WARNING * * *
The ball python bites you but does no damage.
The ball python grabs you. The ball python constricts you.
The bullfrog hits you but does no damage.
Okay, then.
Unknown command.
Okay, then.
Unknown command.
Unknown command.
It was a potion of degeneration.
There was something very wrong with that liquid.
You feel weakened.
You feel dopey.
You feel clumsy.
The bullfrog hits you but does no damage.
The bullfrog hits you.
You die...

#..'....# #..#....#
####...## #
##################....#
..#≈≈≈≈≈≈≈≈≈≈≈≈≈≈≈#.....#
F.≈≈≈≈≈≈≈≈≈≈≈≈≈≈≈≈.....##
F..≈≈≈≈≈≈≈≈≈≈≈≈≈≈≈.....#
..≈≈≈≈≈≈#FS≈≈≈≈≈≈≈.....#
.l.≈≈≈≈#≈F@§≈≈≈≈≈≈≈...##
..#≈≈≈≈≈≈§≈§≈≈≈≈≈≈..###
###################


You could see 2 bullfrogs and a ball python.

Vanquished Creatures
  8 adders
  9 river rats
  2 worms
  A dart slug (D:1)
  3 orcs
  16 ball pythons
  A bat (D:1)
  2 endoplasms (D:1)
  4 giant cockroaches
  3 goblins (D:1)
  3 hobgoblins
  2 kobolds
  A quokka (D:1)
  4 frilled lizards
  24 rats
83 creatures vanquished.

Vanquished Creatures (others)
  106 foxfires
106 creatures vanquished.

Grand Total: 189 creatures vanquished

Notes
Turn   | Place    | Note
-------+----------+-------------------------------------------
     0 | D:1      | jlumianski the Demonspawn Fire Elementalist began the quest
                  | for the Orb.
     0 | D:1      | Reached XP level 1. HP: 13/13 MP: 3/3
   753 | D:1      | Reached skill level 3 in Fire Magic
   786 | D:1      | Gained mutation: Your touch may inflict minor irresistible
                  | damage on your foes. [demonic ancestry]
   786 | D:1      | Reached XP level 2. HP: 18/19 MP: 1/5
  1043 | D:1      | Learned a level 2 spell: Scorch
  2033 | D:3      | Gained mutation: You are partially covered in thin metallic
                  | scales. (AC +2) [demonic ancestry]
  2033 | D:3      | Reached XP level 3. HP: 16/24 MP: 1/6
  2464 | D:2      | Reached skill level 1 in Armour
  2464 | D:2      | Reached XP level 4. HP: 24/31 MP: 0/7
  2503 | D:3      | Found a glowing drain.
  2534 | Sewer    | Entered a sewer
  2687 | Sewer    | Reached XP level 5. HP: 35/36 MP: 0/9
  3204 | Sewer    | Reached skill level 4 in Fire Magic
  3279 | Sewer    | HP: 1/36 [bullfrog (7)]
  3280 | Sewer    | Slain by a bullfrog

Illustrated notes

Levels and vault maps discovered:
D:1:      roderic_lyre, layout_loops_corners
D:2:      layout_rooms
D:3:      layout_basic, portal_sewer_entry_e
Sewer:    sewer_minmay_w

Skill      XL: |  1  2  3  4  5 |
---------------+----------------+-----
Fire Magic     | 3 4 |  4.0
Dodging        | 2 |  2.4
Stealth        | 2 |  2.0
Armour         | 1 |  1.2
Spellcasting   | 3 |  3.3
Fighting       | |  0.6
Short Blades   | |  0.6
Long Blades    | |  0.3
Conjurations   | |  1.9

Action                   |  1- 3 |  4- 6 || total
-------------------------+-------+-------++-------
Melee: Dagger            |    29 |    39 ||    68
       Falchion          |    27 |       ||    27
       Touch             |     6 |    10 ||    16
 Cast: Foxfire           |    24 |    34 ||    58
       Scorch            |    14 |    11 ||    25
  Use: Potion            |     1 |     1 ||     2
 Stab: Sleeping          |     2 |       ||     2
Armor: Robe              |     4 |       ||     4
       Leather armour    |    11 |    14 ||    25
Dodge: Dodged            |    55 |    33 ||    88

Table legend: (Time is in decaauts)
 A = Elapsed time spent in this place.
 B = Non-inter-level travel time spent in this place.
 C = Inter-level travel time spent in this place.
 D = Time resting spent in this place.
 E = Time spent auto-exploring this place.
 F = Levels seen in this place.
 G = Mean time per level.
                   A        B        C        D        E       F      G
               +--------+--------+--------+--------+--------+-----+--------+
         Total |   3367 |   3254 |    113 |    621 |   1435 |   4 |  841.8 |
       Dungeon |   2539 |   2426 |    113 |    368 |   1345 |   3 |  846.3 |
         Sewer |    827 |    827 |      0 |    253 |     90 |   1 |  827.0 |
               +--------+--------+--------+--------+--------+-----+--------+

Top non-repeatable levels by time:
     D:1: 1968 daAuts
   Sewer: 827 daAuts
     D:3: 447 daAuts
     D:2: 123 daAuts
